 Dungeon Crawl Stone Soup version 0.29.1-2-gbd0b4ee654 (webtiles) character file.

Game seed: 11028563797175038896

200 Arcadio the Trooper (level 5, 0/44 (48) HPs)
             Began as a Ghoul Monk on Nov 21, 2022.
             Was a Believer of Dithmenos.
             Slain by a phantom (7 damage)
             ... on level 5 of the Dungeon.
             The game lasted 00:13:38 (4534 turns).

Arcadio the Trooper (Ghoul Monk)                    Turns: 4534, Time: 00:13:39

HP:   0/44 (48)     AC:  4    Str: 17    XL:     5   Next: 78%
MP:   4/4           EV: 12    Int:  5    God:    Dithmenos [**....]
Gold: 193           SH:  0    Dex: 11    Spells: 4/4 levels left

rFire   . . .      SeeInvis .   o - +1 dagger (vamp)
rCold   + + .      Faith    .   (no shield)
rNeg    + + +      Spirit   .   d - +1 leather armour
rPois   ∞          Reflect  .   (no helmet)
rElec   .          Harm     .   v - scarf {+Inv}
rCorr   .          Rampage  .   (no gloves)
Will    +....                   (no boots)
Stlth   +.........              m - amulet of magic regeneration
HPRegen 0.00/turn               i - ring of willpower
MPRegen 0.49/turn               l - ring of protection from cold

@: confused, ambrosia-drunk, inhibited regen, wreathed by umbra, drained
A: claws 1, cold resistance 1, negative energy resistance 3, inhibited
regeneration, torment resistance 2, devour on kill
a: Renounce Religion, Evoke Invisibility, Shadow Step


You were on level 5 of the Dungeon.
You worshipped Dithmenos.
Dithmenos was pleased with you.
You visited 2 branches of the dungeon, and saw 6 of its levels.

You collected 193 gold pieces.

Inventory:

Hand Weapons
 e - a +1 vorpal hand axe
 k - a +0 sling
 o - a +1 vampiric dagger (weapon)
Armour
 a - a +0 robe
 d - a +1 leather armour (worn)
 h - a +0 scale mail
 v - a scarf of invisibility (worn)
Jewellery
 i - a ring of willpower (left claw)
 l - a ring of protection from cold (right claw)
 m - an amulet of magic regeneration (around neck)
Wands
 t - a wand of iceblast (21)
Scrolls
 c - 2 scrolls of brand weapon
 j - 2 scrolls of immolation
 u - a scroll of amnesia
 w - a scroll of summoning {unknown}
Potions
 n - 2 potions of might
 q - a potion of haste
 r - a potion of magic
 s - 3 potions of attraction


   Skills:
 + Level 5.1 Fighting
 + Level 1.0 Short Blades
 - Level 2.6 Dodging
 + Level 4.8 Stealth
 - Level 3.5 Unarmed Combat


You had 4 spell levels left.
You didn't know any spells.
Your spell library contained the following spells:

 Spells                   Type           Power      Damage    Failure   Level
 Confusing Touch          Hex            0%         N/A       89%         3
 Yara's Violent Unravell  Hex/Tmut       0%         3d3       100%        5
 Enfeeble                 Hex            0%         N/A       100%        7


Dungeon Overview and Level Annotations

Branches:
Dungeon (5/15) Zot: 25693  Temple (1/1) D:4 Zot: 5783

Altars:
Ashenzari
Cheibriados
Dithmenos
Fedhas
Gozag
Hepliaklqana
Kikubaaqudgha
Makhleb
Nemelex Xobeh
Qazlal
Sif Muna
Trog
Uskayaw
Vehumet
Wu Jian
Xom

Annotations:
D:2 Sigmund


Innate Abilities, Weirdness & Mutations

You are immune to poison.
You have sharp fingernails.
Your flesh is cold resistant. (rC+)
You are immune to negative energy. (rN+++)
You do not regenerate when monsters are visible.
You are immune to unholy pain and torment.
You thrive by killing the living.


Message History

The phantom hits you but does no damage.
The air fills with toxic fumes!
As you read the scroll of poison, it crumbles to dust.
The iguana bites you but does no damage.
The phantom hits you.
As you read the scroll labelled ODARPH LIKAXKER, it crumbles to dust.
It is a scroll of enchant weapon.
Your +0 vampiric dagger glows red for a moment.
The iguana closely misses you.
The steam dragon is engulfed in poison gas.
The steam dragon is poisoned.
The steam dragon barely misses you. The steam dragon claws you.
The phantom hits you.
As you read the scroll labelled QOUXIM FINYI, it crumbles to dust.
It is a scroll of enchant armour.
Your +0 leather armour glows green for a moment.
The iguana bites you!
The steam dragon is engulfed in poison gas.
The steam dragon looks even sicker.
The steam dragon bites you.
* * * LOW HITPOINT WARNING * * *
The steam dragon claws you but does no damage.
The phantom hits you.
* * * LOW HITPOINT WARNING * * *
The phantom blinks!
You blink.
A jackal, a scorpion and an orc wizard come into view.
You are confused.
You feel invigorated.
The orc wizard shouts!
The jackal barks!
The steam dragon is engulfed in poison gas.
The steam dragon looks even sicker.
The phantom closely misses you.
You hear a howl!
The jackal barely misses you.
The orc wizard hits you with a +0 dagger.
* * * LOW HITPOINT WARNING * * *
The phantom closely misses you. The jackal barely misses you.
You closely miss the jackal. The jackal bites you.
The orc wizard gestures at you while chanting.
The magic dart hits you!
* * * LOW HITPOINT WARNING * * *
The phantom hits you!
You die...

.# #. #.#
..# #..
#.#.# #.# #
###.#..# #..
.# .$.#
#.#.# #.#
#...###s#
#..#
..#.#†#o#☼.#
#.#..###@h#
#.#...#W.##
#..###§.##
##..§§D##
##§..##
##§### ##.l#
.### ##§.##
......##..##


You could see a steam dragon (very poisoned), a phantom, a scorpion, an iguana,
an orc wizard and a jackal.

Vanquished Creatures
  A jelly (D:5)
  An iguana (D:2)
  3 gnolls
  4 adders
  An ufetubus (D:5)
  4 worms
  A dart slug (D:2)
  2 orcs (D:5)
  6 ball pythons
  8 bats
  2 endoplasms
  2 giant cockroaches
  5 hobgoblins
  2 jackals (D:1)
  8 kobolds
  4 quokkas
  4 frilled lizards
  5 goblins
  2 rats (D:1)
65 creatures vanquished.

Vanquished Creatures (others)
  58 plants (D:1)
58 creatures vanquished.

Grand Total: 123 creatures vanquished

Notes
Turn   | Place    | Note
-------+----------+-------------------------------------------
     0 | D:1      | Arcadio the Ghoul Monk began the quest for the Orb.
     0 | D:1      | Reached XP level 1. HP: 19/19 MP: 0/0
    71 | D:1      | Reached XP level 2. HP: 26/26 MP: 1/1
   655 | D:1      | Reached XP level 3. HP: 33/33 MP: 2/2
   897 | D:2      | Reached skill level 4 in Fighting
  1289 | D:2      | Noticed Sigmund
  1664 | D:2      | Found a blossoming altar of Fedhas.
  1842 | D:2      | Reached XP level 4. HP: 20/41 MP: 3/3
  2866 | D:3      | Reached XP level 5. HP: 27/47 MP: 4/4
  3630 | D:4      | Found a staircase to the Ecumenical Temple.
  3639 | Temple   | Entered the Ecumenical Temple
  3770 | Temple   | Became a worshipper of Dithmenos the Shadowed
  3770 | Temple   | Reached * piety under Dithmenos
  3770 | Temple   | Reached ** piety under Dithmenos
  4035 | D:4      | Found a hide-covered altar of Uskayaw.
  4165 | D:5      | Entered Level 5 of the Dungeon
  4179 | D:5      | Reached skill level 5 in Fighting
  4266 | D:5      | Reached skill level 1 in Short Blades
  4468 | D:5      | Noticed an ice beast
  4506 | D:5      | Noticed a steam dragon
  4509 | D:5      | Noticed a phantom
  4534 | D:5      | Slain by a phantom

Illustrated notes

Levels and vault maps discovered:
D:1:      roderic_crop_circles_arrival_large, layout_loops_ring,
          dreamdust_princess_bridge
D:2:      layout_loops_ring, basic_altar, uniq_sigmund
D:3:      layout_rooms, chequers_mini_garden
D:4:      layout_cave_pools, general_overflow_altar, temple_pool_b
D:5:      layout_loops_corners, kennysheep_diamond, eino_tiny_chamber,
          minmay_manual_mail, uniq_grinder
Temple:   minmay_crystal_spiral_temple

Skill      XL: |  1  2  3  4  5 |
---------------+----------------+-----
Stealth        | 3 4 |  4.8
Fighting       | 4 5 |  5.1
Short Blades   | 1 |  1.0
Dodging        | |  2.6
Unarmed Combat | |  3.5

Action                   |  1- 3 |  4- 6 || total
-------------------------+-------+-------++-------
Melee: Unarmed           |    96 |   103 ||   199
       Punch             |       |     3 ||     3
       Dagger            |       |    51 ||    51
 Abil: Evoke Invisibilit |       |     1 ||     1
  Use: Scroll            |       |    12 ||    12
       Potion            |       |     1 ||     1
 Stab: Sleeping          |     4 |     6 ||    10
Armor: Robe              |     5 |       ||     5
       Leather armour    |    10 |    48 ||    58
Dodge: Dodged            |    33 |   125 ||   158
